 Dungeon Crawl Stone Soup version 0.19-a0-1834-g6b7851e (webtiles) character file.

320 kae the Shield-Bearer (level 6, -3/49 HPs)
             Began as a Formicid Fighter on Oct 8, 2016.
             Slain by a centaur (4 damage)
             ... on level 5 of the Dungeon.
             The game lasted 00:04:43 (4880 turns).

kae the Shield-Bearer (Formicid Fighter)            Turns: 4880, Time: 00:04:43

Health: -3/49      AC:  6    Str: 21 (22) XL:     6   Next: 75%
Magic:  6/6        EV:  8    Int:  6 (8)  God:
Gold:   173        SH:  9    Dex:  7 (10) Spells: 0 memorised, 5 levels left

rFire  . . .     SeeInvis +     m - +1 falchion
rCold  . . .     Gourm    .     b - +0 scale mail
rNeg   . . .     Faith    .     c - +0 shield
rPois  .         Spirit   .     (helmet unavailable)
rElec  .         Dismiss  .     (no cloak)
rCorr  .         Reflect  .     (no gloves)
MR     .....     Harm     .     (no boots)
Stlth  ..........               (no amulet)
                                (no ring)
                                (no ring)

@: lethally poisoned (-3 -> -7)
A: permanent stasis, dig shafts and tunnels, four strong arms, antennae 3
a: Dig, Shaft Self


You were on level 5 of the Dungeon.
You were not hungry.

You visited 1 branch of the dungeon, and saw 5 of its levels.

You collected 195 gold pieces.
You spent 22 gold pieces at shops.

Inventory:

Hand Weapons
 a - a +0 long sword
 m - a +1 falchion (weapon)
Armour
 b - a +0 scale mail (worn)
 c - a +0 shield (worn)
Jewellery
 t - a cursed amulet of inaccuracy
Scrolls
 e - 7 scrolls of remove curse
 i - 3 scrolls of identify
 j - a scroll of blinking {unknown}
 s - a scroll of enchant weapon
Potions
 d - 2 potions of might
 g - a potion of resistance
 l - a potion of magic
 q - a potion of lignification
 w - a potion of haste {unknown}
Books
 n - a book of Cantrips

   Spells                             Type                      Level
   a - Confusing Touch                Hexes                        1
   b - Animate Skeleton               Necromancy                   1
   c - Summon Small Mammal            Summoning                    1
   d - Apportation                    Translocation                1
Comestibles
 f - 5 bread rations
 k - 3 beef jerkies
 o - 3 fruits
 u - a meat ration


   Skills:
 + Level 4.6 Fighting
 * Level 5.0 Long Blades
 - Level 3.2 Armour
 + Level 5.1 Shields


You had 5 spell levels left.
You didn't know any spells.

Dungeon Overview and Level Annotations

Branches:
Dungeon (5/15)
 Temple: D:4-7

Altars:

Shops:
D:4 =

Annotations:
D:3 kae's ghost, amateur FoFi


Innate Abilities, Weirdness & Mutations

You are under a permanent stasis effect.
You can dig through walls and to a lower floor.
Your four strong arms can wield two-handed weapons with a shield.
You have a pair of large antennae on your head. (SInv)


Message History

The centaur is severely wounded.
The centaur hits you.
* * * LOW HITPOINT WARNING * * *
All of the chunks of flesh in your inventory have rotted away.
You closely miss the centaur.
The centaur is severely wounded.
* * * LOW HITPOINT WARNING * * *
You feel sick. You block the centaur's attack.
The centaur hits you but does no damage.
You hit the centaur.
The centaur is almost dead.
* * * LOW HITPOINT WARNING * * *
You feel sick. The centaur hits you.
* * * LOW HITPOINT WARNING * * *
You block the centaur's attack.
You hit the centaur.
The centaur is almost dead.
* * * LOW HITPOINT WARNING * * *
You feel sick. The centaur hits you.
You die...

# #. ##### #.###.####..
#.#.##...####...(.......
.............####.####..
#.?.....##.####.####..
#..###.$.................
#(.................รท.<#
#..####.(.#..#####.####..
##c## .......# ### #@#
###### #(# #.# #.#
#####.# #....(# #.##### #
#.#####.... #..........


You could see a centaur.

Vanquished Creatures
  A crimson imp (D:5)
  A centaur skeleton (D:5)
  A bullfrog skeleton (D:5)
  An iguana (D:5)
  2 worker ants
  Robin (D:2)
  6 adders
  An ooze (D:5)
  A dart slug (D:1)
  3 leopard geckos
  4 orcs
  3 ball pythons
  5 bats
  7 giant cockroaches
  14 goblins
  6 hobgoblins
  3 jackals (D:4)
  4 quokkas
  3 frilled lizards
  9 kobolds
  A quokka zombie (D:5)
  6 rats
83 creatures vanquished.

Notes
Turn   | Place    | Note
-------+----------+-------------------------------------------
     0 | D:1      | kae the Formicid Fighter began the quest for the Orb.
     0 | D:1      | Reached XP level 1. HP: 18/18 MP: 1/1
    91 | D:1      | Reached XP level 2. HP: 21/24 MP: 2/2
   327 | D:1      | Reached XP level 3. HP: 29/29 MP: 3/3
   832 | D:2      | Reached XP level 4. HP: 37/37 MP: 4/4
  1334 | D:2      | Found a faded altar of an unknown god.
  1588 | D:2      | Noticed Robin
  1602 | D:2      | Killed Robin
  1959 | D:3      | Reached XP level 5. HP: 40/42 MP: 5/5
  2318 | D:3      | Noticed kae's ghost (amateur FoFi)
  4057 | D:4      | Found Egivuhacvu's Jewellery Shoppe.
  4069 | D:4      | Bought a cursed amulet of inaccuracy for 22 gold pieces
  4252 | D:5      | Entered Level 5 of the Dungeon
  4500 | D:5      | Reached XP level 6. HP: 29/49 MP: 6/6
  4643 | D:5      | Reached skill level 5 in Shields
  4875 | D:5      | Reached skill level 5 in Long Blades
  4879 | D:5      | HP: 2/49 [centaur (4)]
  4880 | D:5      | Slain by a centaur

Vault maps used:
D:1:      minmay_arrival_hallway
D:2:      first_bread, ecumenical_altar_1, minmay_item_behind_shaft,
          kennysheep_pointless_box, uniq_robin
D:4:      serial_co_window_serial, co_window_of_opportunity_a,
          co_window_corner_a, co_window_paths_a, co_window_of_opportunity_a,
          co_window_paths_b, co_window_broadway_b, co_window_2corner,
          co_window_broadway_c, co_window_sun, glass_columns_b, serial_shops,
          nicolae_shop_stone
D:5:      serial_shops, nicolae_shop_crystal, uniq_pikel

Skill      XL: |  1  2  3  4  5  6 |
---------------+-------------------+-----
Shields        | 4 5 |  5.1
Long Blades    | 3 4 5 |  5.0
Fighting       | 4 |  4.6
Armour         | |  3.2

Action                   |  1- 3 |  4- 6 || total
-------------------------+-------+-------++-------
Melee: Long sword        |    91 |   124 ||   215
       Falchion          |       |    96 ||    96
 Abil: Dig               |       |     8 ||     8
Evoke: Wand              |       |     8 ||     8
  Use: Scroll            |       |     8 ||     8
       Potion            |       |     3 ||     3
  Eat: Chunk             |       |     9 ||     9
       Meat ration       |       |     1 ||     1
Armor: Scale mail        |    46 |    49 ||    95
Dodge: Dodged            |    34 |    68 ||   102
Block: Shield            |    41 |   114 ||   155
       Rpst.: Long sword |    15 |    13 ||    28
       Falchion          |       |     7 ||     7
